 Dungeon Crawl Stone Soup version 0.19.0-9-gfd783f2 (webtiles) character file.

233 Krapule the Insei (level 6, -3/41 HPs)
             Began as an Octopode Transmuter on Nov 7, 2016.
             Killed from afar by an orc wizard (13 damage)
             ... with a puff of flame
             ... on level 3 of the Dungeon.
             The game lasted 00:08:38 (2283 turns).

Krapule the Insei (Octopode Transmuter)             Turns: 2283, Time: 00:08:39

Health: -3/41      AC:  1    Str: 10    XL:     6   Next: 5%
Magic:  18/18      EV: 14    Int: 15    God:
Gold:   158        SH:  0    Dex: 14    Spells: 2 memorised, 6 levels left

rFire  . . .     SeeInvis .       - Unarmed
rCold  . . .     Gourm    .     (no shield)
rNeg   . . .     Faith    .     (helmet restricted)
rPois  .         Spirit   .     (no amulet)
rElec  .         Reflect  .     e - ring of magical power
rCorr  .         Harm     .     p - ring of stealth
MR     .....                    (no ring)
Stlth  +++.......               (no ring)
                                (no ring)
                                (no ring)
                                (no ring)
                                (no ring)

@: confused, appendage
A: almost no armour, stealthy swim, amphibious, 8 rings, constrict 8, tentacle
spike 3, camouflage 1, gelatinous body 1
a: End Transformation


You were on level 3 of the Dungeon.
You were hungry.
One of your tentacles had a temporary spike.
You visited 1 branch of the dungeon, and saw 3 of its levels.

You collected 158 gold pieces.

Inventory:

Missiles
 a - 50 arrows
Armour
 k - a +0 shield
Jewellery
 e - a ring of magical power (left tentacle)
 p - a ring of stealth (right tentacle)
Scrolls
 g - a scroll of amnesia {unknown}
 n - 4 scrolls of teleportation {unknown}
Potions
 d - 2 potions of haste
 f - a potion of curing
 h - a potion of lignification {unknown}
 i - a potion of resistance
 j - 2 potions of berserk rage
 m - 2 potions of might
 o - a potion of invisibility
Books
 b - a book of Changes

   Spells                             Type                      Level
   a - Beastly Appendage              Transmutation                1
   b - Sticks to Snakes               Transmutation                2
   c - Spider Form                    Transmutation/Poison         3
   d - Ice Form                       Ice/Transmutation            4
   e - Blade Hands                    Transmutation                5
Comestibles
 c - 2 bread rations
 l - 2 fruits


   Skills:
 + Level 2.6 Fighting
 + Level 3.1 Dodging
 + Level 1.9 Shields
 + Level 4.1 Unarmed Combat
 - Level 2.0 Spellcasting
 + Level 3.2 Transmutations


You had 6 spell levels left.
You knew the following spells:

 Your Spells              Type           Power        Failure   Level  Hunger
a - Beastly Appendage     Tmut           ##....       8%          1    #......
z - Sticks to Snakes      Tmut           ##......     12%         2    ###....


Dungeon Overview and Level Annotations

Branches:
Dungeon (3/15)

Altars:


Innate Abilities, Weirdness & Mutations

You cannot wear most types of armour.
You are very stealthy in the water. (Stealth+)
You are amphibious.
You can wear up to eight rings at the same time.
You can use your tentacles to constrict eight enemies at once.
Your skin changes colour to match your surroundings (Stealth+).
Your rubbery body absorbs attacks. (AC +1, EV +1)
One of your tentacles bears a large vicious spike.


Message History

You closely miss the orc. You grab the orc.
You squeeze the orc, but do no damage.
You constrict the orc, but do no damage.
The orc barely misses you. Something hits you. The orc barely misses you.
You tentacle-slap the orc.
The orc is lightly wounded.
You constrict the orc. The orc completely misses you.
Something barely misses you.
You tentacle-slap the orc. x2
You kill the orc!
The orc hits you with a short sword! Something hits you.
You barely miss the orc. Your grab misses the orc.
You squeeze the orc, but do no damage. The orc hits you with a short sword.
* * * LOW HITPOINT WARNING * * *
You hear some strange, mumbled words.
You are confused.
You hear some strange, mumbled words.
A puff of flame appears from out of thin air!
The puff of flame hits you!
You die...

## .. .# .# .# ### ###o#
#######.# #o(.# #.......#
#.### #...###.## #@#.
#........# .. #+ #.#.#
#.#.###### ..##.#########.#.#
#.#.###### ............##.#.#
#.#......#
#...........##.#.###.####.###
#...........##.#.#.....##.#
#...........##.#.##..#.##.#
................>...<#.##.#
###....####.#.#.#####....#


You could see 2 orcs.

Vanquished Creatures
  2 adders (D:2)
  An ooze (D:1)
  2 worms (D:2)
  A dart slug (D:2)
  2 leopard geckos (D:2)
  2 orcs (D:3)
  3 giant cockroaches
  4 goblins
  6 hobgoblins
  4 jackals (D:1)
  7 kobolds
  8 bats
  3 frilled lizards (D:2)
  3 rats
48 creatures vanquished.

Vanquished Creatures (collateral kills)
  Sigmund (D:2)
  An adder (D:2)
  A worm (D:2)
3 creatures vanquished.

Grand Total: 51 creatures vanquished

Notes
Turn   | Place    | Note
-------+----------+-------------------------------------------
     0 | D:1      | Krapule the Octopode Transmuter began the quest for the Orb.
     0 | D:1      | Reached XP level 1. HP: 13/13 MP: 3/3
   121 | D:1      | Reached XP level 2. HP: 18/18 MP: 5/5
   128 | D:1      | Learned a level 2 spell: Sticks to Snakes
   537 | D:1      | Reached XP level 3. HP: 22/24 MP: 6/6
   891 | D:2      | Noticed Sigmund
  1273 | D:2      | Reached XP level 4. HP: 29/29 MP: 7/7
  1311 | D:2      | Reached skill level 1 in Shields
  1730 | D:2      | Killed Sigmund
  1730 | D:2      | Reached skill level 4 in Unarmed Combat
  1730 | D:2      | Reached XP level 5. HP: 21/35 MP: 8/8
  1730 | D:2      | Reached XP level 6. HP: 24/41 MP: 9/9
  2283 | D:3      | Killed from afar by an orc wizard

Skill      XL: |  1  2  3  4 |
---------------+-------------+-----
Shields        | 1 |  1.9
Fighting       | 2 |  2.6
Dodging        | 3 |  3.1
Unarmed Combat | 4 |  4.1
Transmutations | 3 |  3.2
Spellcasting   | |  2.0

Action                   |  1- 3 |  4- 6 || total
-------------------------+-------+-------++-------
Melee: Unarmed           |    76 |    45 ||   121
       Constrict         |    24 |    14 ||    38
       Tentacles         |     9 |     9 ||    18
       Punch             |     3 |     5 ||     8
       Kick              |       |     1 ||     1
 Cast: Sticks to Snakes  |     1 |     4 ||     5
       Beastly Appendage |       |     1 ||     1
  Use: Potion            |       |     1 ||     1
       Scroll            |       |     5 ||     5
 Stab: Sleeping          |     5 |     3 ||     8
  Eat: Chunk             |     1 |     3 ||     4
Armor: Skin              |     3 |     3 ||     6
Dodge: Dodged            |    47 |    25 ||    72
